AoeStats
← Spirit

Nomad

509659006Analyzed
3v3 RM · 5d ago on Sep 27, 2026· 125m 26s· 6 players
Game mode
Random Map
Map size
210×210
Population
200
Speed
Normal
Resources
Standard
Victory
Conquest
Starting age
Dark Age
Ending age
Imperial Age
RankedLock teamsTeams togetherTeam positionsShared explorationLock speedFull tech treeHidden civsTurbo modeCheats
Victory
Defeat
🇩🇪 Danes · Germany
1315
+16
🇩🇪 Varangians · Germany
1306
+16
🇩🇪 Spanish · Germany
1250
+19
🇹🇼 Saxons · Taiwan
1350
-19
🇹🇼 Vietnamese · Taiwan
1298
-16
🇹🇼 Varangians · Taiwan
1290
-16
big ritard pleyer
8:43 Loom
15:06 Feudal Age
15:59 Loom
20:17 Castle Age
19:29 Double-Bit Axe
19:43 Horse Collar
20:48 Forging
21:17 Bloodlines
21:07 Husbandry
21:36 Scale Barding Armor
22:56 Iron Casting
24:10 Husbandry
27:28 Stone Mining
27:28 Gold Mining
30:01 Fletching
30:53 Chain Barding Armor
33:19 Bodkin Arrow
35:50 Vendel Legacy
42:21 Imperial Age
47:42 Cavalier
49:25 Blast Furnace
49:09 Wheelbarrow
51:58 Plate Barding Armor
52:05 Bow Saw
54:29 Fortified Wall
55:20 Chemistry
55:14 Conscription
55:53 Siege Engineers
56:33 Light Cavalry
58:31 Murder Holes
58:17 Treadmill Crane
58:47 Masonry
60:50 Bracer
60:42 Elite Jarl
64:39 Architecture
64:00 Guard Tower
66:08 Hussar
67:39 Ballistics
76:26 Hand Cart
84:26 Heavy Plow
93:52 Padded Archer Armor
95:02 Elite Skirmisher
112:41 Crop Rotation
125:13 Caravan
Spirit
4:55 Loom
13:18 Feudal Age
15:12 Arson
16:38 Double-Bit Axe
19:57 Man-at-Arms
24:42 Castle Age
24:42 Forging
24:53 Bloodlines
29:06 Wheelbarrow
34:08 Iron Casting
33:38 Scale Barding Armor
37:01 Horse Collar
38:17 Bow Saw
38:54 Fletching
39:45 Husbandry
40:00 Heavy Plow
42:11 Hand Cart
42:34 Gold Mining
46:47 Imperial Age
47:12 Chain Barding Armor
46:54 Cavalier
48:57 Blast Furnace
48:33 Plate Barding Armor
49:10 Paladin
53:05 Conscription
57:00 Light Cavalry
60:13 Bodkin Arrow
60:18 Padded Archer Armor
60:18 Hussar
63:08 Elite Skirmisher
63:54 Thumb Ring
65:50 Ballistics
67:00 Bracer
67:15 Leather Archer Armor
70:33 Chemistry
75:10 Ring Archer Armor
77:25 Supremacy
81:50 Scale Mail Armor
83:08 Chain Mail Armor
83:57 Caravan
86:30 Plate Mail Armor
87:56 Two-Man Saw
Pfnatsch
6:19 Loom
13:34 Feudal Age
15:10 Double-Bit Axe
19:04 Fletching
24:53 Castle Age
23:47 Horse Collar
24:35 Scale Mail Armor
24:46 Forging
24:50 Gold Mining
25:08 Stone Mining
26:34 Wheelbarrow
26:20 Chain Mail Armor
26:57 Bow Saw
28:31 Squires
28:18 Gambesons
30:24 Arson
31:16 Iron Casting
33:50 Hand Cart
34:31 Hamask
38:01 Heavy Plow
41:47 Gold Shaft Mining
43:51 Imperial Age
45:14 Conscription
44:25 Elite Varangian Guard
46:07 Blast Furnace
45:02 Capped Ram
46:20 Bodkin Arrow
46:58 Plate Mail Armor
47:38 Bodkin Arrow
52:11 Siege Ram
57:00 Hoardings
57:58 Bracer
58:05 Siege Engineers
59:01 Chemistry
60:03 Elite Jomsviking
66:35 Man-at-Arms
67:21 Long Swordsman
69:24 Ballistics
68:59 Murder Holes
69:15 Masonry
84:10 Caravan
87:02 Two-Handed Swordsman
92:47 Champion
96:49 Northmen's Fury
110:29 Guard Tower
113:44 Keep
112:55 Arrowslits
113:04 Heated Shot
[ITCF]yuli
8:28 Loom
13:39 Feudal Age
17:24 Castle Age
16:22 Fletching
16:21 Double-Bit Axe
16:48 Fishing Lines
17:48 Gold Mining
18:39 Bodkin Arrow
22:42 Ballistics
23:23 Gillnets
24:57 Wheelbarrow
28:18 Bow Saw
27:35 Pikeman
28:16 Squires
28:17 Scale Mail Armor
28:28 Forging
29:55 Chain Mail Armor
31:04 Iron Casting
31:42 Horse Collar
34:16 Hand Cart
39:19 Imperial Age
36:57 Scale Barding Armor
37:18 Bloodlines
37:09 Husbandry
38:15 Chain Barding Armor
38:29 Heavy Plow
38:18 Town Watch
38:15 Vendel Legacy
40:27 Conscription
39:34 Cavalier
40:53 Plate Barding Armor
41:25 Blast Furnace
47:18 Chemistry
51:42 Elite Jarl
54:32 Man-at-Arms
55:18 Long Swordsman
55:52 Gambesons
56:40 Plate Mail Armor
57:43 Halberdier
60:26 Gothikon
69:05 Bracer
74:46 Light Cavalry
76:35 Masonry
78:09 Coinage
82:00 Arson
81:36 Elite Varangian Guard
83:19 Caravan
85:12 Banking
84:53 Guilds
84:30 Hussar
85:44 Two-Handed Swordsman
86:10 Gambesons
90:35 Padded Archer Armor
110:19 Two-Man Saw
[ITCF]Hentai
6:10 Loom
17:13 Feudal Age
17:59 Town Watch
20:09 Stone Mining
20:12 Gold Mining
20:10 Double-Bit Axe
26:49 Castle Age
26:20 Scale Mail Armor
27:31 Pikeman
29:22 Wheelbarrow
28:59 Bow Saw
29:32 Fletching
34:14 Bodkin Arrow
34:50 Chain Mail Armor
34:24 Treadmill Crane
36:19 Padded Archer Armor
37:00 Fortified Wall
37:01 Masonry
39:43 Leather Archer Armor
40:29 Hand Cart
41:14 Stone Shaft Mining
41:54 Forging
43:00 Horse Collar
45:44 Iron Casting
46:03 Heavy Plow
49:38 Imperial Age
50:21 Bracer
51:24 Chemistry
50:45 Ballistics
51:21 Hoardings
50:13 Man-at-Arms
50:54 Squires
51:47 Paper Money
51:17 Long Swordsman
52:55 Ring Archer Armor
52:21 Two-Handed Swordsman
54:12 Siege Engineers
54:04 Murder Holes
54:48 Champion
56:01 Arson
56:25 Chatras
56:44 Arrowslits
56:32 Halberdier
57:44 Plate Mail Armor
70:14 Crop Rotation
73:49 Scale Barding Armor
74:04 Light Cavalry
74:44 Husbandry
74:55 Bloodlines
75:07 Chain Barding Armor
75:17 Elite Skirmisher
76:03 Thumb Ring
76:50 Plate Barding Armor
76:44 Thumb Ring
76:05 Imperial Skirmisher
89:02 Caravan
95:00 Guard Tower
106:01 Coinage
110:48 Banking
110:29 Guilds
麻糬
4:38 Loom
12:57 Feudal Age
16:38 Town Watch
21:53 Castle Age
20:22 Forging
26:39 Wheelbarrow
26:08 Double-Bit Axe
26:16 Horse Collar
27:25 Heavy Plow
28:17 Fishing Lines
32:48 Hand Cart
32:50 Bow Saw
32:50 Heavy Plow
46:14 Hand Cart
46:46 Town Patrol
49:37 Gold Mining
50:08 Gillnets
54:51 Imperial Age
55:01 Gold Shaft Mining
54:19 Stone Mining
54:45 Scale Mail Armor
54:45 Arson
55:00 Squires
54:46 Gambesons
55:37 Elite Varangian Guard
58:01 Chain Mail Armor
60:15 Plate Mail Armor
60:55 Two-Man Saw
61:54 Shield Wall
62:55 Conscription
65:06 Conscription
65:32 Crop Rotation
66:34 Coinage
67:14 Iron Casting
66:26 Elite Hearth Troop
74:30 Banking
76:52 Pikeman
81:59 Halberdier
84:18 Fortified Wall
98:33 Caravan
104:46 Man-at-Arms
106:32 Long Swordsman
107:13 Two-Handed Swordsman
108:14 Champion
Connection lost

Rejoining the realm…

Still unreachable

The connection could not be restored.

Session expired

The server has moved on; the page needs a fresh start.